AoeStats
← average2ksmurf

Oasis

510241950Analyzed
3v3 RM · 1d ago on Sep 30, 2026· 52m 38s· 6 players
Game mode
Random Map
Map size
Normal (6 player)
Population
200
Speed
Normal
Resources
Standard
Victory
Conquest
Starting age
Dark Age
Ending age
Imperial Age
RankedLock teamsTeams togetherTeam positionsShared explorationLock speedFull tech treeHidden civsTurbo modeCheats
Victory
Defeat
🇨🇦 Romans · Canada
1151
+18
🇲🇽 Magyars · Mexico
1139
+18
🇨🇳 Cumans · China
1103
+20
🇺🇸 Cumans · United States
1398
-27
🇺🇸 Mongols · United States
1194
-45
🇺🇸 Magyars · United States
968
-33
Preda
6:45 Loom
9:03 Feudal Age
9:43 Double-Bit Axe
17:23 Wheelbarrow
17:57 Horse Collar
21:14 Castle Age
20:09 Gold Mining
20:58 Scale Barding Armor
22:34 Chain Barding Armor
22:26 Husbandry
23:15 Bloodlines
24:16 Bow Saw
30:57 Town Watch
31:23 Fletching
32:25 Bodkin Arrow
35:57 Gold Shaft Mining
41:22 Imperial Age
39:35 Padded Archer Armor
40:55 Hand Cart
41:19 Thumb Ring
41:10 Elite Skirmisher
42:46 Bracer
43:02 Leather Archer Armor
43:30 Cavalier
45:43 Plate Barding Armor
47:13 Ring Archer Armor
46:45 Stone Mining
48:31 Two-Man Saw
48:36 Town Patrol
49:01 Ballistics
49:42 Chemistry
50:00 Masonry
50:01 Careening
51:05 Paladin
Serving LOVE
0:29 Loom
11:20 Feudal Age
11:24 Man-at-Arms
12:03 Horse Collar
14:18 Scale Mail Armor
14:41 Forging
19:56 Wheelbarrow
22:48 Castle Age
22:59 Long Swordsman
23:41 Squires
24:19 Iron Casting
28:05 Double-Bit Axe
30:36 Hand Cart
36:21 Town Watch
37:04 Ballistas
37:16 Gold Mining
37:18 Stone Mining
41:44 Imperial Age
40:08 Gold Shaft Mining
40:36 Ballistics
41:45 Heavy Scorpion
43:32 Chemistry
52:44 Chain Mail Armor
53:29 Blast Furnace
52:20 Fletching
52:30 Padded Archer Armor
52:35 Scale Barding Armor
52:33 Town Patrol
53:05 Coinage
52:35 Caravan
52:46 Guilds
52:52 Fortified Wall
52:47 Siege Engineers
52:53 Masonry
52:53 Careening
52:06 Pikeman
52:07 Legionary
52:23 Spies/Treason
Nicholas Li
3:40 Loom
11:28 Feudal Age
12:16 Double-Bit Axe
17:30 Castle Age
15:22 Horse Collar
15:58 Gold Mining
17:00 Scale Barding Armor
17:42 Bloodlines
18:55 Wheelbarrow
19:27 Forging
22:07 Chain Barding Armor
23:23 Bow Saw
25:32 Iron Casting
26:24 Gold Shaft Mining
25:54 Heavy Plow
27:20 Light Cavalry
29:02 Hand Cart
33:40 Imperial Age
32:17 Stone Mining
33:46 Cavalier
35:34 Plate Barding Armor
36:20 Blast Furnace
37:28 Two-Man Saw
36:16 Paladin
38:18 Conscription
40:26 Elite Steppe Lancer
42:14 Steppe Husbandry
43:01 Hussar
average2ksmurf
6:53 Loom
9:13 Feudal Age
9:57 Double-Bit Axe
17:20 Horse Collar
21:07 Fletching
21:28 Gold Mining
24:47 Castle Age
25:24 Wheelbarrow
24:49 Crossbowman
25:25 Bodkin Arrow
25:43 Bow Saw
25:35 Heavy Plow
34:06 Imperial Age
32:04 Scale Barding Armor
33:20 Hand Cart
34:48 Bracer
36:03 Chemistry
35:36 Ballistics
35:53 Arbalester
38:50 Town Watch
40:22 Thumb Ring
40:19 Padded Archer Armor
42:36 Bloodlines
43:40 Heavy Camel Rider
45:19 Chain Barding Armor
47:00 Husbandry
46:54 Light Cavalry
48:05 Forging
49:21 Iron Casting
48:58 Nomads
49:40 Hussar
dragonfang75
8:59 Loom
13:52 Feudal Age
15:26 Horse Collar
15:33 Double-Bit Axe
27:35 Castle Age
30:29 Husbandry
38:18 Scale Barding Armor
41:11 Imperial Age
40:12 Chain Barding Armor
44:03 Cavalier
45:26 Plate Barding Armor
bobross
6:25 Loom
9:08 Feudal Age
10:46 Double-Bit Axe
12:24 Horse Collar
18:49 Wheelbarrow
20:12 Fletching
24:50 Castle Age
23:02 Padded Archer Armor
25:28 Bodkin Arrow
24:56 Crossbowman
26:03 Bow Saw
27:09 Thumb Ring
30:41 Heavy Plow
30:57 Scale Barding Armor
33:55 Bloodlines
34:40 Chain Barding Armor
35:05 Stone Mining
40:34 Imperial Age
40:33 Scale Mail Armor
40:57 Pikeman
42:05 Chain Mail Armor
42:00 Forging
42:07 Squires
50:22 Steppe Husbandry
Connection lost

Rejoining the realm…

Still unreachable

The connection could not be restored.

Session expired

The server has moved on; the page needs a fresh start.